 Dungeon Crawl Stone Soup version 0.31-a0-844-gdc52ec4e09 (webtiles) character file.

Game seed: 7445121591540753712

922327 Joey1 the Minotaur Barricade (level 27, -26/273 HPs)
             Began as a Minotaur Berserker on Sept 29, 2023.
             Was the Champion of the Shining One.
             Killed from afar by a Hell Sentinel (45 damage)
             ... with damnation
             ... on level 7 of the Iron City of Dis on Sept 30, 2023.
             The game lasted 04:32:15 (71202 turns).

Joey1 the Minotaur Barricade (Minotaur Berserker)  Turns: 71202, Time: 04:32:16

Health: -26/273    AC: 40    Str: 34    XL:     27
Magic:  39/39      EV: 21    Int:  6    God:    the Shining One [******]
Gold:   8774       SH: 33    Dex: 15    Spells: 26/26 levels left

rFire   + + +        a - +9 broad axe (holy)
rCold   . . .        j - +8 tower shield
rNeg    + + +        l - +10 plate armour of the Butcher {rElec Regen+ Dex-5}
rPois   +            c - +2 hat
rElec   +            F - +1 cloak of Mumblety Peg {rPois}
rCorr   +            t - +2 pair of gloves {hurl}
SInv    +            B - +3 pair of boots of Vayl {rN+}
Will    +++..        v - amulet of the Moon {rF++ Regen+ rCorr Dex-4 SInv} Stlth
                     J - ring "Qithiz" {Fly rF+ Str+3 Slay+4}
HPRegen 2.25/turn    e - ring of Patience {Fly Will+ Dex+7 Stlth+}
MPRegen 0.26/turn

%: clarity
@: about to teleport, flying, glowing, studying 3 skills, corroded
A: horns 2, retaliatory headbutt, iridescent scales 1, agile 1, clarity, strong
1
}: 7/15 runes: decaying, slimy, silver, golden, obsidian, bone, gossamer
a: Renounce Religion, Divine Shield, Cleansing Flame, Summon Divine Warrior


You were on level 7 of the Iron City of Dis.
You worshipped the Shining One.
The Shining One was exalted by your worship.
You visited 16 branches of the dungeon, and saw 79 of its levels.
You visited the Abyss 3 times.
You visited 1 bazaar.
You also visited: Ossuary, Bailey, Gauntlet, Ice Cave and Wizlab.

You collected 14230 gold pieces.
You spent 5456 gold pieces at shops.

Inventory:

Hand Weapons
 a - a +9 broad axe of holy wrath (weapon)
 C - a +9 broad axe of flaming
Missiles
 p - 4 throwing nets
 y - 3 silver javelins
Armour
 c - a +2 hat (worn)
 j - a +8 tower shield (worn)
 l - the +10 plate armour of the Butcher (worn) {rElec Regen+ Dex-5}
   (You bought it in a shop on level 3 of the Elven Halls)

   Dex-5:     It affects your dexterity (-5).
   rElec:     It insulates you from electricity.
   Regen+:    It increases your rate of health regeneration.
 t - a +2 pair of gloves of hurling (worn)
 B - the +3 pair of boots of Vayl (worn) {rN+}
   (You found it on level 2 of the Depths)

   rN+:       It protects you from negative energy.
 F - the +1 cloak of Mumblety Peg (worn) {rPois}
   (You found it in a Gauntlet)

   rPois:     It protects you from poison
 K - a scarf of repulsion
 X - the +3 robe of Clouds {*Thunder rCloud rElec}
   (You took it off a Cloud Mage in a wizard's laboratory)

   *Thunder:  It occasionally creates storm clouds above nearby enemies.
   rCloud:    It grants its wearer immunity to clouds.
   rElec:     It insulates you from electricity.
Jewellery
 b - the amulet "Ewosehis" {RegenMP rElec Regen+}
   (You acquired it on level 8 of the Dungeon)

   [amulet of magic regeneration]

   RegenMP:   It increases your rate of magic regeneration.
   rElec:     It insulates you from electricity.
   Regen+:    It increases your rate of health regeneration.
 e - the ring of Patience (right hand) {Fly Will+ Dex+7 Stlth+}
   (You found it on level 3 of the Tomb of the Ancients)

   [ring of willpower]

   Dex+7:     It affects your dexterity (+7).
   Will+:     It increases your willpower.
   Fly:       It grants you flight.
   Stlth+:    It makes you more stealthy.
 v - the amulet of the Moon (around neck) {rF++ Regen+ rCorr Dex-4 SInv}
   (You found it in a Gauntlet)

   [amulet of regeneration]

   Dex-4:     It affects your dexterity (-4).
   rF++:      It greatly protects you from fire.
   SInv:      It lets you see invisible.
   Regen+:    It increases your rate of health regeneration.
   rCorr:     It protects you from acid and corrosion.
 J - the ring "Qithiz" (left hand) {Fly rF+ Str+3 Slay+4}
   (You bought it in a shop in a bazaar)

   [ring of slaying]

   Str+3:     It affects your strength (+3).
   Slay+4:    It affects your accuracy & damage with ranged weapons and melee
   (+4).
   rF+:       It protects you from fire.
   Fly:       It grants you flight.
 L - a ring of protection from cold
 Q - a +6 ring of intelligence
 R - a ring of see invisible
Wands
 h - a wand of digging (37)
 u - a wand of flame (149)
 D - a wand of acid (50)
 G - a wand of iceblast (75)
 M - a wand of polymorph (35)
 V - a wand of charming (28)
Scrolls
 f - 4 scrolls of blinking
 g - 4 scrolls of summoning
 i - 25 scrolls of teleportation
 m - 5 scrolls of fear
 o - 5 scrolls of fog
 r - 8 scrolls of vulnerability
 w - 6 scrolls of silence
 H - 3 scrolls of noise
 O - 8 scrolls of poison
 Y - 11 scrolls of revelation
Potions
 d - 14 potions of heal wounds
 k - 3 potions of cancellation
 n - 6 potions of might
 q - 7 potions of resistance
 x - 12 potions of enlightenment
 z - 26 potions of curing
 A - 2 potions of lignification
 N - 12 potions of mutation
 S - 8 potions of haste
 T - 14 potions of ambrosia
 U - 4 potions of invisibility
 W - 6 potions of attraction
Miscellaneous
 s - a lightning rod (4/4)
 E - a condenser vane
 I - a phantom mirror (inert)
 P - a phial of floods
 Z - a figurine of a ziggurat


   Skills:
 O Level 27 Fighting
 O Level 27 Axes
 - Level 10.0 Throwing
 + Level 26.5 Armour
 + Level 25.9 Dodging
 O Level 27 Shields
 O Level 27 Invocations
 - Level 20.0 Evocations


You had 26 spell levels left.
You didn't know any spells.
Your spell library contained the following spells:

 Spells                   Type           Power      Damage    Failure   Level
 Apportation              Tloc           0%         N/A       77%         1
 Foxfire                  Conj/Fire      0%         2x1d4     77%         1
 Magic Dart               Conj           0%         1d3       77%         1
 Necrotise                Necr           0%         1d4       77%         1
 Summon Small Mammal      Summ           0%         N/A       77%         1
 Call Imp                 Summ           0%         N/A       88%         2
 Cigotuvi's Dreadful Rot  Necr/Pois/Air  0%         N/A       88%         2
 Jinxbite                 Hex            0%         N/A       88%         2
 Static Discharge         Conj/Air       0%         2-2/arc   88%         2
 Dazzling Flash           Conj/Hex       0%         N/A       98%         3
 Frozen Ramparts          Ice            0%         1d1       98%         3
 Hailstorm                Conj/Ice       0%         3d3       98%         3
 Mephitic Cloud           Conj/Pois/Air  0%         N/A       98%         3
 Stone Arrow              Conj/Erth      0%         3d7       98%         3
 Vampiric Draining        Necr           0%         2d6       98%         3
 Manifold Assault         Tloc           0%         N/A       100%        4
 Petrify                  Tmut/Erth      0%         N/A       100%        4
 Agony                    Necr           0%         N/A       100%        5
 Alistair's Intoxication  Tmut/Pois      0%         N/A       100%        5
 Arcjolt                  Conj/Air       0%         1d10      100%        5
 Fireball                 Conj/Fire      0%         3d3       100%        5
 Metabolic Englaciation   Hex/Ice        0%         N/A       100%        5
 Silence                  Hex/Air        0%         N/A       100%        5
 Summon Forest            Summ/Tloc      0%         N/A       100%        5
 Summon Mana Viper        Hex/Summ       0%         N/A       100%        5
 Dispersal                Tloc           0%         N/A       100%        6
 Eringya's Noxious Bog    Tmut/Pois      0%         4d6       100%        6
 Summon Cactus Giant      Summ           0%         N/A       100%        6
 Spellforged Servitor     Conj/Summ      0%         N/A       100%        7
 Disjunction              Tloc           0%         N/A       100%        8


Dungeon Overview and Level Annotations

Branches:
Dungeon (15/15)            Temple (0/1) D:4            Lair (5/5) D:9
  Swamp (4/4) Lair:3       Spider (4/4) Lair:3        Slime (5/5) Lair:5
    Orc (2/2) D:12            Elf (3/3) Orc:2        Vaults (5/5) D:14
  Crypt (3/3) Vaults:3       Tomb (3/3) Crypt:3      Depths (4/4) D:15
   Hell (visited)             Dis (7/7) Hell            Geh (7/7) Hell
    Coc (0/7) Hell            Tar (7/7) Hell            Zot (4/5) Depths:4
Ossuary (visited)          Bailey (visited)           IceCv (visited)
 WizLab (visited)         Gauntlet (visited)

Altars:
Ashenzari
Cheibriados
Dithmenos
Elyvilon
Makhleb
Nemelex Xobeh
Trog
Uskayaw
Vehumet
Wu Jian
Yredelemnul
Zin
The Shining One
Jiyva
Lugonu

Shops:
D:10 =   Orc:2 ([**   Elf:3 :[[:   Vaults:3 (   Vaults:4 :[[(   Vaults:5 ![

Portals:
Hell: Depths:1 Depths:2 Depths:3 Depths:4
Abyss: Lair:5 Depths:3 Depths:4
Pandemonium: Depths:2
Ziggurat: Depths:3

Annotations:
Dis:7 Serpent of Hell


Innate Abilities, Weirdness & Mutations

You have a pair of horns on your head.
You reflexively headbutt those who attack you in melee.
You are partially covered in iridescent scales. (AC +2)
You are agile. (Dex +4, Str/Int -1)
You possess an exceptional clarity of mind.
Your muscles are strong. (Str +4, Int/Dex -1)


Message History

The Hell Sentinel is almost dead.
You hit the Hell Sentinel but do no damage.
The Hell Sentinel is almost dead.
You hit the Hell Sentinel.
The Hell Sentinel convulses.
The Hell Sentinel gestures at you.
The sphere of damnation explodes!
The damnation engulfs you!!!
* * * LOW HITPOINT WARNING * * *
The damnation engulfs the Hell Sentinel.
The Hell Sentinel completely resists.
The damnation engulfs the Hell Sentinel.
The Hell Sentinel completely resists.
The Hell Sentinel gestures at you.
The sphere of damnation explodes!
The damnation engulfs you!!
* * * LOW HITPOINT WARNING * * *
The damnation engulfs the Hell Sentinel.
The Hell Sentinel completely resists.
The damnation engulfs the Hell Sentinel.
The Hell Sentinel completely resists.
As you read the scroll of teleportation, it crumbles to dust.
You feel strangely unstable.
The Serpent of Hell roars!
A dragon appears.
You block the Hell Sentinel's attack.
The Hell Sentinel closely misses you. x2; The Hell Sentinel hits you.
* * * LOW HITPOINT WARNING * * *
The Serpent of Hell breathes metal splinters at you.
The spray of metal splinters hits the iron golem but does no damage.
The spray of metal splinters hits the Hell Sentinel!!!
The spray of metal splinters misses you.
The Serpent of Hell breathes dispelling energy at you.
The bolt of dispelling energy hits the iron golem!!
The bolt of dispelling energy hits the Hell Sentinel!!
The bolt of dispelling energy misses you.
The Serpent of Hell spits crystal at you.
The crystal spear hits the iron golem!!!
The Hell Sentinel gestures at you.
The sphere of damnation explodes!
The damnation engulfs you!!!
* * * LOW HITPOINT WARNING * * *
The Hell Sentinel gestures at you.
The sphere of damnation explodes!
The damnation engulfs you!!!
You die...

*****,,,********,,,,,,,,,,,,,,*
,,,,,****###..........,,,,,,,,*
,,**** *.............,,,,,,,,*
*+********#...........,,,,,,,,*
*,...,,,,,#...........,,,,,,,,*
*,....,,,,#.........,,,,,,,,,,*
*,,...,,,,#.......,,,,,,,,,,,,*
#####'#####....)#####,,,*******
...............)@...#**********
................#†1.#*****,,,,*
..............###1###,,,,,,,,,*
............###*#9D,,,8,8,8,8,*
........#####**,rDD.,,,,,,,,,,*
####....+,,**,,,.....,,,,,,,,,*
*,,#....#,,*,,,.....##**,,,,,,*
+,,#...##***,,,...###,,***,,,,*
####..##*,,,,,...##,,*,,,**,,,*


You could see the Serpent of Hell (catching breath), an iron golem, 2 Hell
Sentinels, an iron dragon (summoned) and a storm dragon (summoned).

Vanquished Creatures
  Asmodeus (Geh:7)
  the Royal Jelly (Slime:5)
  Ereshkigal (Tar:7)
  7 ancient liches
  4 dread liches
  2 orbs of fire (Zot:3)
  A juggernaut (Depths:2)
  32 royal mummies
  Sojobo (Crypt:1)
  Parghit (Zot:4)
  Bai Suzhen (Crypt:2)
  8 caustic shrikes
  3 curse toes
  Margery (Crypt:1)
  3 Killer Klowns
  Frederick (Vaults:2)
  Jory (Crypt:1)
  Nikola (Elf:1)
  Geryon (Hell)
  A pearl dragon (Depths:4)
  7 golden dragons
  4 profane servitors
  Norris (Vaults:1)
  32 bone dragons
  A shard shrike zombie (Crypt:3)
  6 Brimstone Fiends
  2 electric golems (Zot:2)
  19 doom hounds
  4 iron giants
  22 Tzitzimimeh
  A Cloud Mage (WizLab)
  9 hellephants
  3 walking crystal tomes (Depths:2)
  9 liches
  Zenata (Vaults:1)
  15 tentacled monstrosities
  6 Hell Sentinels
  17 tainted leviathans
  4 quicksilver dragons
  A deep elf blademaster (Elf:2)
  Mlioglotl (Spider:1)
  2 deep elf master archers (Elf:3)
  20 searing wretches
  4 titans
  9 tentacled starspawn
  14 acid blobs
  2 walking divine tomes
  15 sphinxes
  7 death cobs
  6 tengu reavers
  2 thorn hunters
  19 ancient champions
  Agnes (Spider:1)
  18 storm dragons
  Aizul (Spider:1)
  8 shadow dragons
  13 azure jellies
  Roxanne (D:14)
  6 revenants
  3 draconian knights
  10 rockslimes
  A fenstrider witch (Swamp:2)
  5 draconian monks
  2 caustic shrike zombies
  23 fire giants
  6 quicksilver elementals
  19 vault wardens
  9 frost giants
  10 ghost moths
  5 emperor scorpions
  6 draconian scorchers
  8 iron dragons
  22 balrugs
  2 deep elf elementalists (Elf:3)
  7 deep elf sorcerers
  2 spectral juggernauts
  4 spectral caustic shrikes
  6 draconian shifters
  14 ghouls
  21 ironbound preservers
  2 curse skulls
  21 very ugly things
  An ophan (Depths:4)
  3 draconian stormcallers
  4 draconian annihilators
  3 spriggan defenders
  A broodmother (Spider:4)
  24 reapers
  10 formless jellyfish
  19 war gargoyles
  An angel (Abyss:3)
  2 orc warlords
  A juggernaut skeleton (Depths:2)
  6 quicksilver oozes
  17 vampire knights
  8 ironbound thunderhulks
  39 stone giants
  8 black draconians
  A lorocyproca (Abyss:3)
  8 green draconians
  An elemental wellspring (Hell)
  An apis (Depths:4)
  12 red draconians
  8 bennus
  5 eleionomae
  6 purple draconians
  21 putrid mouths
  8 deep elf demonologists
  6 deep elf annihilators
  11 yellow draconians
  A wendigo (Hell)
  11 white draconians
  7 dire elephants
  8 spark wasps
  A minotaur (Gauntlet)
  6 bunyips
  15 eidola
  14 ettins
  A merfolk impaler (Depths:4)
  3 blizzard demons
  27 mummy priests
  14 deep elf high priests
  2 crystal guardians (Vaults:3)
  21 yaktaur captains
  10 jiangshi
  8 great orbs of eyes
  8 deep elf death magi
  7 entropy weavers
  2 spectral iron giants
  6 fire dragons
  11 iron golems
  5 spectral spriggans
  A shambling mangrove (Swamp:3)
  2 spriggan zombies
  7 ice dragons
  2 rakshasas
  2 catoblepae
  8 ghost crabs
  Erolcha (Orc:1)
  A quicksilver dragon skeleton (Tomb:3)
  A peacekeeper (Vaults:3)
  23 hydras
  11 spriggan air magi
  An alligator (shapeshifter) (Abyss:3)
  3 ogre magi
  35 vault guards
  11 ironbound frosthearts
  A sphinx zombie (D:15)
  5 boulder beetles
  13 salamander tyrants
  2 death knights
  12 alligators
  15 centaur warriors
  4 radroaches
  A spectral human (Tar:2)
  A spectral stone giant (Tar:2)
  20 two-headed ogres
  25 stokers
  28 dancing weapons
  10 deep troll shamans
  7 vampire magi (Crypt:3)
  12 deep troll earth magi
  48 hell hogs
  39 death scarabs
  6 spriggan berserkers
  4 tengu warriors
  2 thrashing horrors (Lair:5)
  A bennu skeleton (Crypt:3)
  5 spectral nagas
  2 orc high priests (Orc:2)
  8 soul eaters
  2 spectral dire elephants
  25 spriggans
  2 shock serpents (WizLab)
  10 demonic crawlers
  4 storm dragon zombies (Crypt:3)
  6 sun demons (Hell)
  Amaemon (D:9)
  20 deep elf knights
  6 crystal echidnas
  A titan zombie (Crypt:2)
  41 hell knights
  18 shadow wraiths
  A bunyip zombie (Crypt:3)
  4 skysharks (Vaults:1)
  14 iron trolls
  2 wretched stars (Abyss:3)
  A spark wasp zombie (Depths:2)
  4 goliath frogs
  A salamander mystic (Depths:4)
  A sixfirhy (Abyss:3)
  9 skeletal warriors
  9 pharaoh ants
  2 titan skeletons
  An anaconda zombie (Crypt:3)
  A storm dragon skeleton (Tomb:1)
  A sun moth (Spider:4)
  2 golden dragon zombies (Crypt:3)
  5 spriggan druids
  A spectral hydra (Swamp:4)
  6 flayed ghosts
  6 glowing orange brains
  A spectral anaconda (Tar:3)
  4 death drakes
  9 orb spiders
  9 wizards
  2 spectral wolf spiders (Spider:4)
  63 deep trolls
  3 swamp dragons
  13 deep elf archers
  6 bog bodies
  25 ironbound convokers
  A golden dragon skeleton (Tomb:3)
  A wolf spider zombie (Spider:4)
  An iron giant skeleton (Crypt:2)
  An orange crystal statue (Depths:1)
  An anaconda skeleton (Tomb:1)
  17 phantasmal warriors
  9 harpies (Vaults:1)
  14 wolf spiders
  5 orc knights
  3 alligator zombies (Swamp:4)
  10 lindwurms
  A spectral jorogumo (Spider:4)
  24 deep elf zephyrmancers
  35 ugly things
  A draconian zombie (Tomb:1)
  The ghost of Shayle the Trooper, a novice DsRe (D:6)
  20 necromancers
  5 steelbarb worms (Spider:4)
  An iron dragon zombie (Crypt:3)
  24 deep elf pyromancers
  4 orc sorcerers
  4 manticores
  A shining eye (Slime:5)
  2 salamanders (Depths:4)
  A spectral alligator snapping turtle (Tar:1)
  A cyclops (shapeshifter) (Vaults:4)
  2 spectral ettins
  A fire giant zombie (Depths:1)
  4 will-o-the-wisps
  22 cyclopes
  A worldbinder (Abyss:3)
  A shock serpent zombie (Crypt:1)
  33 moths of wrath
  3 centaur zombies
  17 elephants
  A fire giant skeleton (Depths:2)
  Maurice (D:12)
  6 smoke demons
  2 dire elephant zombies (Crypt:2)
  6 torpor snails
  4 apocalypse crabs
  6 rust devils (Hell)
  12 cane toads
  5 black mambas
  2 black mambas (shapeshifter)
  4 gargoyles
  A titan simulacrum (Hell)
  An ice statue (IceCv)
  An orange demon (Lair:1)
  An elephant slug zombie (Crypt:3)
  21 vault sentinels
  A centaur skeleton (D:15)
  A shock serpent skeleton (Crypt:1)
  3 spectral redbacks (Spider:4)
  2 efreet
  An unseen horror (D:12)
  2 tengu conjurers
  17 hellions
  4 swamp worm zombies (Swamp:4)
  4 rime drakes
  A spriggan skeleton (Depths:1)
  7 freezing wraiths
  10 komodo dragons
  22 tormentors
  33 yaktaurs
  2 hydra zombies (Swamp:4)
  2 kobold demonologists
  41 guardian mummies
  An ancient zyme (Abyss:3)
  A red devil (Hell)
  A death yak skeleton (Crypt:2)
  A queen bee (shapeshifter) (Vaults:5)
  10 polar bears
  4 meliai
  A hellwing (Abyss:3)
  6 raiju
  A bloated husk (Swamp:4)
  A catoblepas skeleton (Crypt:1)
  A spectral harpy (Tar:6)
  11 trolls
  A tarantella (shapeshifter) (Vaults:2)
  A silent spectre (Tar:5)
  A queen bee (Lair:1)
  4 harpy skeletons
  3 spectral culicivoras (Spider:4)
  11 tyrant leeches
  2 spectral tarantellas (Spider:4)
  33 tarantellas
  18 hornets
  2 spectral jumping spiders (Spider:4)
  5 spectral swamp dragons (Swamp:4)
  29 blink frogs
  4 wind drakes (WizLab)
  A death drake skeleton (Crypt:1)
  3 dream sheep (Lair:5)
  4 centaur simulacra
  26 vampires
  65 slime creatures
  26 flying skulls
  A dire elephant simulacrum (Crypt:3)
  28 jumping spiders
  A fire dragon skeleton (Crypt:3)
  2 shadows
  11 air elementals
  20 culicivoras
  A culicivora (shapeshifter) (Lair:5)
  6 water elementals
  4 ynoxinuls
  19 humans (D:14)
  85 yaks
  5 wyverns
  34 ushabtiu
  4 basilisks (Lair:5)
  3 golden eyes (Slime:2)
  5 neqoxecs
  4 fire elementals
  3 steam dragons
  7 wraiths
  A basilisk (shapeshifter) (D:15)
  4 vampire mosquitoes (Swamp:1)
  An alligator snapping turtle simulacrum (Abyss:3)
  46 redbacks
  Menkaure (D:4)
  2 harpy simulacra (Hell)
  11 swamp worms
  3 glowing shapeshifter zombies (Depths:2)
  4 acid dragons
  4 wargs
  8 hell hounds
  17 large abominations
  4 naga zombies
  2 floating eyes
  2 glowing shapeshifter skeletons (Depths:2)
  16 water moccasins
  15 small abominations
  2 swamp drakes (Swamp:3)
  8 black bears
  A hornet zombie (Crypt:2)
  A dream sheep zombie (Crypt:3)
  2 ice beasts
  2 sky beasts (D:7)
  37 orc warriors
  6 swamp dragon zombies
  5 great orb of eyes simulacra (IceCv)
  3 spriggan simulacra
  A manticore skeleton (Crypt:1)
  18 ogres
  17 wolves
  A snapping turtle skeleton (Crypt:2)
  A swamp dragon skeleton (Crypt:2)
  13 centaurs
  2 rime drake zombies
  7 phantoms
  A slime creature simulacrum (IceCv)
  10 kobold brigands
  16 bullfrogs
  2 glowing shapeshifter simulacra (IceCv)
  A salamander skeleton (Crypt:1)
  14 necrophages
  2 scorpions
  3 earth elementals
  A cyclops zombie (Crypt:3)
  12 wights
  A water moccasin skeleton (Crypt:3)
  38 killer bees
  A yak skeleton (Crypt:3)
  7 vampire bats (Bailey)
  5 wolf zombies (Bailey)
  An electric eel (D:9)
  A quasit (Abyss:3)
  20 orc priests
  8 jellies
  Crazy Yiuf (D:4)
  3 starcursed masses (Abyss:3)
  9 hounds
  Jessica (D:2)
  3 hell rats (Hell)
  6 iguanas
  Ijyb (D:5)
  4 sleepcaps
  Natasha (twice) (D:4)
  30 orc wizards
  A shapeshifter simulacrum (IceCv)
  2 tengu zombies
  An ogre skeleton (Crypt:2)
  52 mummies
  Robin (D:4)
  16 adders
  3 gnolls (D:5)
  2 swamp drake zombies (Swamp:4)
  5 white imps
  2 ufetubi
  2 worms
  2 dart slugs (D:4)
  113 orcs
  7 ball pythons
  6 endoplasms
  3 giant cockroaches
  12 goblins
  7 hobgoblins
  18 jackals
  13 kobolds
  6 quokkas
  2 bats
  3 frilled lizards
  A frilled lizard skeleton (Crypt:1)
  5 gnoll skeletons (Ossuary)
  A goblin zombie (D:7)
  A hobgoblin zombie (Crypt:3)
  9 kobold skeletons
  12 orc skeletons (Ossuary)
  21 orc zombies (Bailey)
  5 rats
  A rat skeleton (Crypt:2)
  A rat zombie (D:7)
  A river rat zombie (Crypt:2)
  10 creeping infernos
  16 fire vortices
  A lurking horror (Abyss:3)
  A spectral weapon (Elf:3)
  6 starspawn tentacles (Abyss:3)
3601 creatures vanquished.

Vanquished Creatures (collateral kills)
  2 acid blobs (Slime:5)
  A sphinx (Tomb:1)
  A mummy priest (Tomb:1)
  A death scarab (Tomb:1)
  A hell knight (Depths:2)
  A guardian mummy (Tomb:1)
  4 slime creatures (Slime:5)
  An ushabti (Tomb:1)
  A mummy (Tomb:1)
13 creatures vanquished.

Vanquished Creatures (others)
  3 fire giants (Geh:7)
  A spark wasp (WizLab)
  An ettin (Depths:3)
  2 stokers
  A hell hog (Geh:1)
  A phantasmal warrior (Swamp:4)
  2 deep elf pyromancers (Elf:1)
  A cyclops (Geh:1)
  2 bloated husks
  An air elemental (WizLab)
  A swamp drake (Swamp:3)
  A phantom (Swamp:4)
  An orc wizard (Orc:2)
  A hell rat (Hell)
  2 creeping infernos
  10 foxfires
  23 starspawn tentacles (Abyss:3)
54 creatures vanquished.

Grand Total: 3668 creatures vanquished

Notes
Turn   | Place    | Note
-------+----------+-------------------------------------------
     0 | D:1      | Joey1 the Minotaur Berserker began the quest for the Orb.
     0 | D:1      | Reached XP level 1. HP: 19/19 MP: 0/0
   243 | D:1      | Reached XP level 2. HP: 27/27 MP: 1/1
   906 | D:2      | Noticed Jessica
   907 | D:2      | Killed Jessica
   908 | D:2      | Reached XP level 3. HP: 33/33 MP: 2/2
   909 | D:2      | You fall into a shaft and drop 2 floors!
   927 | D:4      | Reached XP level 4. HP: 40/40 MP: 3/3
   989 | D:2      | Reached skill level 5 in Axes
  1121 | D:2      | Reached ** piety under Trog
  1215 | D:2      | Found a glowing golden altar of the Shining One.
  1363 | D:2      | Reached XP level 5. HP: 47/47 MP: 4/4
  1632 | D:3      | Noticed an ogre
  1646 | D:3      | Killed an ogre
  1875 | D:3      | Found a shadowy altar of Dithmenos.
  2286 | D:4      | Noticed Robin
  2293 | D:4      | Killed Robin
  2294 | D:4      | Reached skill level 5 in Fighting
  2318 | D:4      | Noticed Natasha
  2327 | D:4      | Killed Natasha
  2328 | D:4      | Reached XP level 6. HP: 36/56 MP: 5/5
  2459 | D:4      | Noticed Menkaure
  2469 | D:4      | Killed Menkaure
  2470 | D:4      | Reached skill level 1 in Shields
  2542 | D:4      | Found a staircase to the Ecumenical Temple.
  2619 | D:4      | Found a runed translucent door.
  2620 | D:4      | Noticed Crazy Yiuf
  2755 | D:4      | Reached XP level 7. HP: 55/61 MP: 6/6
  2853 | D:4      | Noticed Natasha
  2862 | D:4      | Killed Natasha
  2869 | D:4      | Reached *** piety under Trog
  3301 | D:4      | Killed Crazy Yiuf
  3344 | D:5      | Entered Level 5 of the Dungeon
  3511 | D:5      | Reached skill level 5 in Armour
  3767 | D:5      | Reached XP level 8. HP: 65/68 MP: 7/7
  3863 | D:5      | Found a radiant altar of Vehumet.
  3953 | D:5      | Noticed Ijyb
  3961 | D:5      | Killed Ijyb
  3961 | D:5      | Reached **** piety under Trog
  4337 | D:6      | Reached skill level 5 in Shields
  4477 | D:6      | Reached skill level 10 in Axes
  4480 | D:6      | Found a runed translucent gate.
  4480 | D:6      | Found a runed translucent gate.
  4480 | D:6      | Found a runed translucent gate.
  4493 | D:6      | Noticed a kobold demonologist
  4495 | D:6      | Noticed Shayle's ghost (novice DsRe)
  4658 | D:6      | Found a faded altar of an unknown god.
  4658 | D:6      | Found a hide-covered altar of Uskayaw.
  4666 | D:6      | Found a snail-covered altar of Cheibriados.
  4668 | D:6      | Found a bloodstained altar of Trog.
  4670 | D:6      | Found a basalt altar of Yredelemnul.
  4937 | D:6      | Reached XP level 9. HP: 47/74 MP: 8/8
  5295 | D:7      | Found a broken altar of Ashenzari.
  5521 | D:7      | Found a sand-covered staircase.
  5532 | Ossuary  | Entered an ossuary
  5597 | Ossuary  | Reached ***** piety under Trog
  6562 | D:8      | Noticed a two-headed ogre
  6567 | D:8      | Killed a two-headed ogre
  6568 | D:8      | Reached XP level 10. HP: 65/83 MP: 9/9
  6890 | D:8      | Noticed a gargoyle
  6902 | D:8      | Killed a gargoyle
  7195 | D:8      | Identified 3 scrolls of acquirement
  7196 | D:8      | Acquired the amulet "Ewosehis" {RegenMP rElec Regen+}
  7211 | D:8      | Acquired a manual of Fighting
  7213 | D:8      | Acquired the +7 executioner's axe of the Ancient Tables
                  | {speed, Will+ Int+5}
  7360 | D:9      | Received a gift from Trog
  7476 | D:9      | Noticed a two-headed ogre
  7482 | D:9      | Killed a two-headed ogre
  7495 | D:9      | Reached skill level 15 in Axes
  7596 | D:9      | Found a staircase to the Lair.
  7905 | Lair:1   | Entered Level 1 of the Lair of Beasts
  7913 | Lair:1   | Reached XP level 11. HP: 78/99 MP: 10/10
  7915 | Lair:1   | Reached skill level 10 in Fighting
  7984 | Lair:1   | Noticed Amaemon
  8019 | D:9      | Killed Amaemon
  8789 | Lair:1   | Reached XP level 12. HP: 109/112 MP: 11/11
  8790 | Lair:1   | Received a gift from Trog
  9571 | Lair:2   | Reached skill level 15 in Fighting
  9589 | Lair:2   | Found a gate leading to a gauntlet.
  9600 | Gauntlet | Entered a Gauntlet
  9600 | Gauntlet | Found a transporter.
  9600 | Gauntlet | Found a transporter.
  9616 | Gauntlet | Found a transporter.
  9620 | Gauntlet | Found a transporter.
  9627 | Gauntlet | Noticed a catoblepas
  9630 | Gauntlet | Found a transporter.
  9634 | Gauntlet | Found a transporter.
  9644 | Gauntlet | Found a transporter.
  9644 | Gauntlet | Noticed a catoblepas
  9673 | Gauntlet | Noticed a blizzard demon
  9694 | Gauntlet | Found a transporter.
  9718 | Gauntlet | Found a transporter.
  9736 | Gauntlet | Found a transporter.
  9737 | Gauntlet | Found a transporter.
  9746 | Gauntlet | Found a transporter.
  9897 | Gauntlet | Killed a blizzard demon
  9911 | Gauntlet | Identified the amulet "Legyj" {Acrobat rN++ Int+2 Stlth-}
  9950 | Gauntlet | Identified the amulet of the Moon {rF++ Regen+ rCorr Dex-4
                  | SInv}
  9973 | Gauntlet | Identified the +6 chain mail "Puraech" {Harm}
  9973 | Gauntlet | Noticed a minotaur
  9993 | Gauntlet | Killed a minotaur
 10099 | Gauntlet | Identified the +1 cloak of Mumblety Peg {rPois}
 10250 | Lair:2   | Received a gift from Trog
 10845 | Lair:3   | Reached skill level 1 in Evocations
 10845 | Lair:3   | Reached XP level 13. HP: 133/133 MP: 12/12
 10878 | Lair:3   | Found a hole to the Spider Nest.
 10887 | Lair:3   | Reached ****** piety under Trog
 10946 | Lair:3   | Noticed an eleionoma
 10966 | Lair:3   | Killed an eleionoma
 10975 | Lair:3   | Reached skill level 5 in Evocations
 11024 | Lair:3   | Found a staircase to the Swamp.
 11999 | Lair:4   | Received a gift from Trog
 12542 | Lair:5   | Entered Level 5 of the Lair of Beasts
 12646 | Lair:5   | Reached skill level 10 in Evocations
 12704 | Lair:5   | Reached XP level 14. HP: 125/140 MP: 13/13
 13079 | Lair:5   | Found a viscous altar of Jiyva.
 13080 | Lair:5   | Found a staircase to the Slime Pits.
 13125 | Lair:5   | Found a burning altar of Makhleb.
 13630 | Lair:5   | Reached skill level 10 in Shields
 13820 | Lair:5   | Received a gift from Trog
 13854 | Lair:5   | Found a corrupted altar of Lugonu.
 13854 | Lair:5   | Found a one-way gate to the infinite horrors of the Abyss.
 14029 | D:10     | Entered Level 10 of the Dungeon
 14034 | D:10     | Found Ekhium's Jewellery Emporium.
 14133 | D:10     | Found a flagged portal.
 14148 | Bailey   | Entered a bailey
 14391 | Bailey   | Identified the +3 leather armour "Viecweo" {Fly rPois Dex+3
                  | Stlth+}
 15202 | D:12     | Received a gift from Trog
 15356 | D:12     | Found a staircase to the Orcish Mines.
 15506 | D:12     | Noticed Maurice
 15512 | D:12     | Killed Maurice
 15827 | D:12     | HP: 10/210 [red ugly thing (16)]
 15997 | D:12     | Identified the +9 chain mail "Yxotisky" {rElec Will+ Regen+
                  | Int-2}
 15998 | D:12     | Identified the +0 scale mail of Hadjma {rPois}
 16078 | D:12     | Identified the amulet of Ryjeuq Waasch {RegenMP Stlth+}
 16215 | D:13     | Reached XP level 15. HP: 134/147 MP: 14/14
 16245 | D:13     | Found a frozen archway.
 16254 | D:13     | Identified the +3 whip of Salt {freeze, SInv}
 16258 | IceCv    | Entered an ice cave
 16327 | IceCv    | Identified the +2 cloak "Keiges" {Str+4}
 16388 | IceCv    | Received a gift from Trog
 16419 | IceCv    | Reached skill level 15 in Shields
 16509 | IceCv    | Noticed an azure jelly
 16511 | IceCv    | Found a viscous altar of Jiyva.
 16511 | IceCv    | Noticed an azure jelly
 16516 | IceCv    | Killed an azure jelly
 16520 | IceCv    | Killed an azure jelly
 16541 | IceCv    | Identified the amulet "Xytoacag" {RegenMP Str+3 Int+3}
 16545 | IceCv    | Identified the +9 dire flail of the Inferno {freeze, Str+4
                  | Dex+3}
 17116 | D:13     | Reached skill level 5 in Dodging
 17207 | Orc:1    | Entered Level 1 of the Orcish Mines
 17219 | Orc:1    | Noticed Erolcha
 17229 | Orc:1    | Killed Erolcha
 17434 | Orc:2    | Entered Level 2 of the Orcish Mines
 17644 | Orc:2    | Identified the +10 hand axe "Xonait" {heavy, rElec rC+
                  | Dex-5} (Trog gifted it to you on level 2 of the Orcish
                  | Mines)
 17644 | Orc:2    | Received a gift from Trog
 17672 | Orc:2    | Found Tatotal's General Store.
 17721 | Orc:2    | Found a flickering gateway to a bazaar.
 17736 | Bazaar   | Entered a bazaar
 17744 | Bazaar   | Found Alapakac's Jewellery Shop.
 17756 | Bazaar   | Found Tionok's Book Shop.
 17791 | Bazaar   | Bought the ring "Qithiz" {Fly rF+ Str+3 Slay+4} for 1202
                  | gold pieces
 18194 | Orc:2    | Found Kodoseek's Assorted Antiques.
 18214 | Orc:2    | Bought a scroll labelled KUNECU KEANLUSM for 26 gold pieces
 18350 | Orc:2    | Found a staircase to the Elven Halls.
 18372 | Orc:2    | Found Uprixt's Antique Armour Shoppe.
 18374 | Orc:2    | Found Zinitao's Antique Weapon Emporium.
 18623 | Orc:1    | Received a gift from Trog
 19003 | D:12     | Identified the +3 falchion "Ogreslayer" {flame, rCorr Str+4
                  | Int-2}
 19003 | D:12     | Identified the +5 robe "Jiatwough" {Rampage rN+ Str+3}
 19189 | D:6      | Killed Shayle's ghost
 19192 | Abyss:1  | Found a corrupted altar of Lugonu.
 19192 | Abyss:1  | Cast into level 1 of the Abyss (kobold brigand)
 19211 | Abyss:1  | Found a corrupted altar of Lugonu.
 19224 | Abyss:1  | Found a corrupted altar of Lugonu.
 19224 | Abyss:1  | Found a corrupted altar of Lugonu.
 19227 | Abyss:1  | Gained mutation: You sometimes lose your temper in combat.
                  | [a neqoxec]
 19230 | Abyss:1  | Reached skill level 10 in Armour
 19254 | D:6      | Escaped the Abyss
 19279 | D:6      | Lost mutation: You sometimes lose your temper in combat.
                  | [potion of mutation]
 19279 | D:6      | Gained mutation: You are partially covered in large bone
                  | plates. (SH +4) [potion of mutation]
 19725 | D:14     | Noticed Roxanne
 19735 | D:14     | Found a sparkling altar of Nemelex Xobeh.
 19981 | D:14     | Received a gift from Trog
 20005 | D:14     | Found a gate to the Vaults.
 20309 | Swamp:1  | Entered Level 1 of the Swamp
 20523 | Swamp:2  | Reached XP level 16. HP: 85/161 MP: 15/15
 21043 | Swamp:2  | Received a gift from Trog
 21060 | Swamp:2  | Found an ornate altar of the Wu Jian Council.
 21271 | Swamp:2  | Noticed a thorn hunter
 21301 | Swamp:2  | Killed a thorn hunter
 22236 | Swamp:3  | Reached skill level 10 in Dodging
 22396 | Swamp:4  | Entered Level 4 of the Swamp
 22530 | Swamp:4  | Noticed a thorn hunter
 22540 | Swamp:4  | Killed a thorn hunter
 22731 | Swamp:4  | Received a gift from Trog
 22732 | Swamp:4  | Reached XP level 17. HP: 170/170 MP: 16/16
 23216 | Swamp:4  | Noticed a bone dragon
 23228 | Swamp:4  | Killed a bone dragon
 23337 | Swamp:4  | Got a decaying rune of Zot
 23473 | Spider:1 | Entered Level 1 of the Spider Nest
 23917 | Spider:1 | Noticed Aizul
 23931 | Spider:1 | Killed Aizul
 24197 | Spider:1 | Noticed Agnes
 24201 | Spider:1 | Killed Agnes
 24786 | Spider:2 | Received a gift from Trog
 24791 | Spider:2 | Noticed Mlioglotl
 25008 | Spider:1 | Killed Mlioglotl
 25088 | Spider:2 | Reached skill level 1 in Throwing
 25890 | Spider:3 | Reached skill level 5 in Throwing
 25972 | Spider:3 | Received a gift from Trog
 26454 | Spider:4 | Entered Level 4 of the Spider Nest
 26592 | Spider:4 | Reached XP level 18. HP: 178/178 MP: 17/17
 27499 | Spider:4 | Reached skill level 10 in Throwing
 27568 | Spider:4 | Received a gift from Trog
 27668 | Spider:4 | Got a gossamer rune of Zot
 27977 | Vaults:1 | Entered Level 1 of the Vaults
 28120 | Vaults:1 | Noticed Zenata
 28146 | Vaults:1 | Killed Zenata
 28369 | Vaults:1 | Identified the +2 ring mail "Bozxutsu" {rPois rF+ rCorr
                  | Slay+5}
 28559 | Vaults:1 | Received a gift from Trog
 28926 | Vaults:1 | Reached XP level 19. HP: 163/185 MP: 18/18
 28930 | Vaults:1 | Reached skill level 15 in Evocations
 29187 | Vaults:1 | Noticed Norris
 29208 | Vaults:1 | Killed Norris
 29623 | Vaults:2 | Noticed Frederick
 29636 | Vaults:2 | Killed Frederick
 29642 | Vaults:2 | Received a gift from Trog
 29652 | Vaults:2 | HP: 3/189 [yaktaur captain/bolt (42)]
 31360 | Vaults:3 | Found Sixkiaf's Antique Weapon Emporium.
 31365 | Vaults:3 | Received a gift from Trog
 31806 | Vaults:3 | Found a staircase to the Crypt.
 32136 | Vaults:3 | You are sucked into a shaft and drop 1 floor!
 32157 | Vaults:4 | Reached XP level 20. HP: 158/200 MP: 19/19
 32167 | Vaults:4 | Found a magical portal.
 32195 | WizLab   | Entered The Chambers of the Cloud Mage
 32218 | WizLab   | Paralysed by an air elemental for 1 turns
 32273 | WizLab   | Paralysed by an air elemental for 1 turns
 32278 | WizLab   | Paralysed by an air elemental for 1 turns
 32280 | WizLab   | Received a gift from Trog
 32462 | WizLab   | Paralysed by an air elemental for 1 turns
 32470 | WizLab   | Paralysed by an air elemental for 1 turns
 32497 | WizLab   | Paralysed by an air elemental for 1 turns
 32504 | WizLab   | Paralysed by an air elemental for 1 turns
 32631 | WizLab   | Paralysed by an air elemental for 1 turns
 33101 | Vaults:4 | Received a gift from Trog
 33412 | Vaults:3 | Paralysed by a formless jellyfish for 1 turns
 33419 | Vaults:4 | Found Zeelik's Weapon Shop.
 33646 | Vaults:4 | Found Aghukuna's Armour Shop.
 33704 | Vaults:4 | Found Doeriepi's Book Shop.
 33748 | Vaults:4 | Found Qaz Ish's Antique Armour Shoppe.
 33772 | Vaults:4 | Bought a runed tower shield for 210 gold pieces
 34148 | Vaults:4 | Reached skill level 1 in Invocations
 34348 | Vaults:4 | Received a gift from Trog
 34805 | D:15     | Entered Level 15 of the Dungeon
 34953 | D:15     | Reached skill level 5 in Invocations
 35090 | Abyss:3  | Cast into level 3 of the Abyss (a wizard)
 35195 | Abyss:3  | Found a corrupted altar of Lugonu.
 35233 | Abyss:3  | Found a corrupted altar of Lugonu.
 35239 | Abyss:3  | Found a corrupted altar of Lugonu.
 35239 | Abyss:3  | Found a corrupted altar of Lugonu.
 35291 | Abyss:3  | Found a corrupted altar of Lugonu.
 35326 | Abyss:3  | Found a corrupted altar of Lugonu.
 35365 | Abyss:3  | Reached XP level 21. HP: 207/207 MP: 24/24
 35411 | Abyss:3  | Found a corrupted altar of Lugonu.
 35483 | D:15     | Escaped the Abyss
 35570 | D:15     | Received a gift from Trog
 35592 | D:15     | Found a staircase to the Depths.
 35890 | Depths:1 | Entered Level 1 of the Depths
 36366 | Depths:1 | Received a gift from Trog
 36368 | Depths:1 | Found a gateway to Hell.
 36790 | Depths:2 | Reached skill level 15 in Armour
 37030 | Depths:2 | Reached skill level 10 in Invocations
 37278 | Depths:2 | Found a one-way gate leading to the halls of Pandemonium.
 37285 | Depths:2 | Received a gift from Trog
 37507 | Depths:2 | Noticed a golden dragon
 37525 | Depths:2 | Killed a golden dragon
 37807 | Depths:2 | Identified the +1 ring mail of Ennui {Regen+}
 37828 | Depths:2 | Reached XP level 22. HP: 174/215 MP: 30/30
 37877 | Depths:2 | Noticed a juggernaut
 38033 | Depths:2 | Paralysed by a floating eye for 2 turns
 38077 | Depths:2 | Killed a juggernaut
 38123 | Depths:2 | Identified the +3 pair of boots of Vayl {rN+}
 38147 | Depths:3 | Found a broken altar of Ashenzari.
 38227 | Depths:3 | Found a shadowy altar of Dithmenos.
 38415 | Depths:3 | Found a one-way gateway to a ziggurat.
 38513 | Depths:3 | Noticed a golden dragon
 38517 | Depths:3 | Paralysed by a floating eye for 3 turns
 38532 | Depths:3 | Killed a golden dragon
 38678 | Depths:3 | Reached skill level 15 in Invocations
 38849 | Depths:3 | Noticed a caustic shrike
 38864 | Depths:3 | Killed a caustic shrike
 38888 | Depths:3 | Received a gift from Trog
 39393 | Depths:4 | Entered Level 4 of the Depths
 39530 | Depths:4 | Noticed a golden dragon
 39617 | Depths:3 | Killed a golden dragon
 39802 | Depths:4 | Found a gate to the Realm of Zot.
 39977 | Depths:4 | Identified the +4 lajatang of Calculation {drain, Will+}
 40115 | Depths:4 | Received a gift from Trog
 40364 | Depths:4 | Found a glowing golden altar of the Shining One.
 40364 | Depths:4 | Found a white marble altar of Elyvilon.
 40364 | Depths:4 | Found a glowing silver altar of Zin.
 40638 | Elf:1    | Entered Level 1 of the Elven Halls
 40644 | Elf:1    | You are sucked into a shaft and drop 1 floor!
 40656 | Elf:2    | Reached XP level 23. HP: 194/229 MP: 34/34
 40841 | Elf:2    | Paralysed by an air elemental for 1 turns
 41071 | Elf:2    | Found a runed translucent gate.
 41072 | Elf:2    | Found a runed translucent gate.
 41072 | Elf:2    | Found a runed translucent gate.
 41231 | Elf:1    | Noticed Nikola
 41246 | Elf:1    | Killed Nikola
 41280 | Elf:1    | Received a gift from Trog
 41360 | Elf:1    | Paralysed by an air elemental for 1 turns
 42190 | Elf:2    | Received a gift from Trog
 42530 | Elf:3    | Entered Level 3 of the Elven Halls
 42589 | Elf:3    | Found Vysim's Armour Boutique.
 42675 | Elf:3    | Found Fostregau's Book Boutique.
 42728 | Elf:3    | Found Juxacuv's Armour Shoppe.
 42732 | Elf:3    | Bought the +10 plate armour of the Butcher {rElec Regen+
                  | Dex-5} for 1147 gold pieces
 42817 | Elf:3    | Found Piunaix's Book Shoppe.
 42875 | Elf:3    | Paralysed by an air elemental for 1 turns
 42996 | Elf:3    | Received a gift from Trog
 43023 | Abyss:3  | Cast into level 3 of the Abyss (a deep elf demonologist)
 43136 | Abyss:3  | Gained mutation: You are weak. (Str -2) [a neqoxec]
 43188 | Abyss:3  | Gained mutation: You are vulnerable to heat. (rF-) [a
                  | neqoxec]
 43235 | Abyss:3  | Found a corrupted altar of Lugonu.
 43315 | Elf:3    | Escaped the Abyss
 43363 | Elf:2    | Lost mutation: You are partially covered in large bone
                  | plates. (SH +4) [potion of mutation]
 43363 | Elf:2    | Lost mutation: You are weak. (Str -2) [potion of mutation]
 43363 | Elf:2    | Lost mutation: You are vulnerable to heat. (rF-) [potion of
                  | mutation]
 43363 | Elf:2    | Gained mutation: You have a pair of large horns on your
                  | head. [potion of mutation]
 43363 | Elf:2    | Gained mutation: Your muscles are strong. (Str +4, Int/Dex
                  | -1) [potion of mutation]
 43363 | Elf:2    | Gained mutation: You are partially covered in iridescent
                  | scales. (AC +2) [potion of mutation]
 43471 | Orc:2    | Bought a pair of slimy gloves for 218 gold pieces
 43471 | Orc:2    | Identified the +1 pair of gloves of Qorph {Fly rCorr Int+2}
                  | (You bought it in a shop on level 2 of the Orcish Mines)
 43712 | Vaults:4 | Bought the +2 cloak "Umakughe" {Will+ rCorr MP+9} for 722
                  | gold pieces
 44025 | Elf:3    | Received a gift from Trog
 44035 | Elf:3    | Bought a +2 pair of gloves of hurling for 322 gold pieces
 44301 | Elf:3    | Identified the +0 ring mail of Blue Divine Compulsion {rN+}
 44302 | Elf:3    | Identified the +6 orcbow "Boefept" {elec, rPois rF+ Will-
                  | SInv}
 44350 | Elf:3    | Identified the +0 leather armour of Exclusion {rN+ Will+}
 44426 | Elf:3    | Identified the staff of Dried Tears {rElec rF+ rC+ rN+
                  | Int-4 Necro Fire}
 44459 | Elf:3    | Identified the amulet "Ynaiwk" {Spirit Rampage rF+}
 44642 | Orc:2    | Bought a scroll of teleportation for 45 gold pieces
 44642 | Orc:2    | Bought a scroll of teleportation for 45 gold pieces
 44642 | Orc:2    | Bought a potion of enlightenment for 75 gold pieces
 44642 | Orc:2    | Bought 3 silver javelins for 405 gold pieces
 44642 | Orc:2    | Bought a potion of curing for 45 gold pieces
 44684 | Orc:2    | Bought a potion of heal wounds for 130 gold pieces
 44883 | Slime:1  | Entered Level 1 of the Pits of Slime
 45181 | Slime:5  | Entered Level 5 of the Pits of Slime
 45199 | Slime:5  | Paralysed by a formless jellyfish for 1 turns
 45203 | Slime:5  | Paralysed by a formless jellyfish for 1 turns
 45233 | Slime:5  | Reached XP level 24. HP: 159/238 MP: 36/36
 45238 | Slime:5  | Received a gift from Trog
 45267 | Slime:5  | Noticed the Royal Jelly
 45288 | Slime:5  | Killed the Royal Jelly
 45463 | Slime:5  | Found the sphere of Battle
 45474 | Slime:5  | Identified the +3 rapier of Sigomat {flame, rElec MP+9
                  | Dex-3}
 45476 | Slime:5  | Got a slimy rune of Zot
 45524 | Slime:5  | Identified the ring "Jinnonuw" {AC+4 SInv}
 45526 | Slime:5  | Identified the +6 war axe of Analysis {vamp, rN+ rCorr
                  | Int+4 Dex+4}
 45563 | Slime:5  | Identified the ring of Xom's Bemusement {rPois MP+9 Stlth+}
 45566 | Slime:5  | Identified the +0 rapier of a ziggurat {heavy, Str+5}
 46367 | Vaults:5 | Entered Level 5 of the Vaults
 46367 | Vaults:5 | Noticed an ancient lich
 46377 | Vaults:5 | Reached skill level 27 in Shields
 46511 | Vaults:4 | Killed an ancient lich
 46578 | Vaults:4 | Received a gift from Trog
 47059 | Vaults:5 | Noticed a dread lich
 47066 | Vaults:5 | Killed a dread lich
 47066 | Vaults:5 | Received a gift from Trog
 47156 | Vaults:5 | Noticed a dread lich
 47171 | Vaults:5 | Killed a dread lich
 47264 | Vaults:5 | Got a silver rune of Zot
 47323 | Vaults:5 | Reached XP level 25. HP: 228/249 MP: 36/37
 47327 | Vaults:5 | Noticed a dread lich
 47336 | Vaults:5 | Received a gift from Trog
 47342 | Vaults:5 | Killed a dread lich
 47764 | Vaults:5 | Found Non Dorph's Antique Armour Emporium.
 47800 | Vaults:5 | Found Balac's Distillery.
 47806 | Vaults:5 | Bought a potion of resistance for 180 gold pieces
 47806 | Vaults:5 | Bought a potion of haste for 180 gold pieces
 47806 | Vaults:5 | Bought a potion of resistance for 180 gold pieces
 47806 | Vaults:5 | Bought a potion of mutation for 144 gold pieces
 47806 | Vaults:5 | Bought a potion of haste for 180 gold pieces
 48094 | Vaults:5 | Received a gift from Trog
 48570 | Zot:1    | Entered Level 1 of the Realm of Zot
 48919 | Zot:1    | Reached XP level 26. HP: 260/260 MP: 37/37
 49203 | Elf:1    | Acquired 741 gold pieces
 49490 | Vaults:5 | Acquired a manual of Dodging
 50867 | Zot:2    | Received a gift from Trog
 51012 | Zot:3    | You are sucked into a shaft and drop 1 floor!
 51870 | Zot:3    | Noticed an orb of fire
 51876 | Zot:3    | Killed an orb of fire
 51878 | Zot:3    | Reached XP level 27. HP: 203/270 MP: 38/38
 51956 | Zot:3    | Noticed an orb of fire
 51960 | Zot:3    | Gained mutation: You occasionally lose the ability to read
                  | scrolls when taking damage. [an orb of fire]
 51963 | Zot:3    | Gained mutation: You are frail. (-10% HP) [an orb of fire]
 51973 | Zot:3    | Killed an orb of fire
 52083 | Zot:2    | Lost mutation: You occasionally lose the ability to read
                  | scrolls when taking damage. [potion of mutation]
 52083 | Zot:2    | Lost mutation: You are partially covered in iridescent
                  | scales. (AC +2) [potion of mutation]
 52083 | Zot:2    | Lost mutation: You have a pair of large horns on your head.
                  | [potion of mutation]
 52083 | Zot:2    | Lost mutation: You are frail. (-10% HP) [potion of
                  | mutation]
 52083 | Zot:2    | Gained mutation: You possess an exceptional clarity of
                  | mind. [potion of mutation]
 52083 | Zot:2    | Gained mutation: You are partially covered in iridescent
                  | scales. (AC +2) [potion of mutation]
 52083 | Zot:2    | Gained mutation: You are agile. (Dex +4, Str/Int -1)
                  | [potion of mutation]
 53012 | Zot:4    | Reached skill level 27 in Fighting
 53031 | Zot:4    | Noticed Parghit
 53056 | Zot:4    | Killed Parghit
 53063 | Zot:4    | Received a gift from Trog
 53173 | Zot:4    | Identified the +8 sling "Giantslayer" {flame, rPois Stlth+}
 54353 | D:14     | Killed Roxanne
 54506 | Depths:4 | Fell from the grace of Trog
 54506 | Depths:4 | Became a worshipper of the Shining One
 54767 | Crypt:1  | Entered Level 1 of the Crypt
 54813 | Crypt:1  | Noticed Sojobo
 54827 | Crypt:1  | Killed Sojobo
 54876 | Crypt:1  | Reached * piety under the Shining One
 55152 | Crypt:1  | Reached ** piety under the Shining One
 55547 | Crypt:1  | Noticed Jory
 55561 | Crypt:1  | Killed Jory
 55729 | Crypt:2  | Reached *** piety under the Shining One
 55780 | Crypt:2  | Noticed Bai Suzhen
 55795 | Crypt:2  | Killed Bai Suzhen
 55896 | Crypt:2  | Acquired a manual of Evocations
 55902 | Crypt:2  | Reached **** piety under the Shining One
 56366 | Crypt:3  | Entered Level 3 of the Crypt
 56376 | Crypt:3  | Reached ***** piety under the Shining One
 56516 | Crypt:3  | Reached ****** piety under the Shining One
 56521 | Crypt:3  | Identified a +9 broad axe of holy wrath (a +8 broad axe of
                  | flaming blessed by the Shining One)
 56521 | Crypt:3  | Received a gift from the Shining One
 56792 | Crypt:3  | Found the +10 Black Knight's barding {ponderous, rPois rN+}
 57001 | Crypt:3  | Found a staircase to the Tomb.
 57561 | Crypt:3  | Identified the +3 great mace "Luaghum" {elec, SInv}
 57646 | Tomb:1   | Entered Level 1 of the Tomb of the Ancients
 57700 | Tomb:1   | Noticed a royal mummy
 57708 | Tomb:1   | Killed a royal mummy
 57711 | Tomb:1   | Noticed a royal mummy
 57722 | Tomb:1   | Reached skill level 15 in Dodging
 57729 | Tomb:1   | Killed a royal mummy
 58408 | Tomb:2   | Noticed a royal mummy
 58408 | Tomb:2   | Noticed a royal mummy
 58408 | Tomb:2   | Noticed a royal mummy
 58410 | Tomb:2   | Noticed a royal mummy
 58415 | Tomb:2   | Killed a royal mummy
 58416 | Tomb:2   | Reached skill level 27 in Invocations
 58416 | Tomb:2   | Killed a royal mummy
 58418 | Tomb:2   | Killed a royal mummy
 58419 | Tomb:2   | Killed a royal mummy
 58791 | Tomb:1   | Noticed a royal mummy
 58792 | Tomb:1   | Noticed a royal mummy
 58802 | Tomb:1   | Killed a royal mummy
 58804 | Tomb:1   | Killed a royal mummy
 58809 | Tomb:1   | Noticed a royal mummy
 58815 | Tomb:1   | Noticed a royal mummy
 58817 | Tomb:1   | Killed a royal mummy
 58824 | Tomb:1   | Killed a royal mummy
 58848 | Tomb:1   | Noticed a royal mummy
 58855 | Tomb:1   | Killed a royal mummy
 58894 | Tomb:1   | Noticed a royal mummy
 58905 | Tomb:1   | Noticed a royal mummy
 58906 | Tomb:1   | Killed a royal mummy
 58920 | Tomb:1   | Killed a royal mummy
 58972 | Tomb:1   | Noticed a royal mummy
 58980 | Tomb:1   | Killed a royal mummy
 59038 | Tomb:1   | Noticed a royal mummy
 59051 | Tomb:1   | Killed a royal mummy
 59066 | Tomb:1   | Noticed a royal mummy
 59094 | Tomb:1   | Killed a royal mummy
 59211 | Tomb:1   | Noticed a royal mummy
 59214 | Tomb:1   | Noticed a royal mummy
 59219 | Tomb:1   | Killed a royal mummy
 59222 | Tomb:1   | Killed a royal mummy
 59224 | Tomb:1   | Noticed a royal mummy
 59237 | Tomb:1   | Killed a royal mummy
 59987 | Tomb:3   | Entered Level 3 of the Tomb of the Ancients
 60016 | Tomb:3   | Noticed a royal mummy
 60022 | Tomb:3   | Killed a royal mummy
 60175 | Tomb:3   | Noticed a royal mummy
 60176 | Tomb:3   | Noticed a royal mummy
 60201 | Tomb:3   | Killed a royal mummy
 60214 | Tomb:2   | Killed a royal mummy
 60478 | Crypt:1  | Noticed Margery
 60496 | Crypt:1  | Killed Margery
 60748 | Hell     | Entered the Vestibule of Hell
 60757 | Hell     | Noticed Geryon
 60801 | Hell     | Killed Geryon
 61459 | Tomb:3   | Noticed a royal mummy
 61460 | Tomb:3   | Noticed a royal mummy
 61466 | Tomb:3   | Noticed a royal mummy
 61480 | Tomb:3   | Killed a royal mummy
 61497 | Tomb:3   | Killed a royal mummy
 61509 | Tomb:3   | Noticed a royal mummy
 61596 | Tomb:3   | Noticed a royal mummy
 61600 | Tomb:3   | Killed a royal mummy
 61603 | Tomb:3   | Killed a royal mummy
 61612 | Tomb:3   | Killed a royal mummy
 61981 | Tomb:3   | Identified the ring of Patience {Fly Will+ Dex+7 Stlth+}
 61993 | Tomb:3   | Identified the ring of the Sheltering Seer {Drain rN+
                  | Will++}
 61995 | Tomb:3   | Got an illuminated book
 62008 | Tomb:3   | Got a droning book
 62011 | Tomb:3   | Got a quivering book
 62016 | Tomb:3   | Got a weird book
 62018 | Tomb:3   | Identified the +1 flail of Severance {flame, rElec Str+5}
 62034 | Tomb:3   | Identified the +2 leather armour "Luehoegy" {+Blink rCorr
                  | Str+3 Dex-3}
 62042 | Tomb:3   | Identified the staff "Asyt" {rF- Will+ Str+2 Earth}
 62118 | Tomb:3   | Got a golden rune of Zot
 62609 | Hell     | Paralysed by a wendigo for 1 turns
 62691 | Hell     | Found a gateway to the ashen valley of Gehenna.
 62806 | Hell     | Found a gateway to the Iron City of Dis.
 62893 | Hell     | Found a gateway to the freezing wastes of Cocytus.
 63007 | Hell     | Found a gateway to the decaying netherworld of Tartarus.
 63110 | Geh:1    | Entered Level 1 of Gehenna
 63395 | Geh:5    | Lost intelligence.
 63401 | Geh:5    | Paralysed by Trog for 4 turns
 64498 | Geh:4    | You are sucked into a shaft and drop 1 floor!
 64965 | Geh:7    | Entered Level 7 of Gehenna
 66210 | Geh:7    | Identified the +6 plate armour "Rezateh" {rF+ Str+3}
 66216 | Geh:7    | Identified the +0 helmet of the Gloaming {rF+ rN++}
 66230 | Geh:7    | Identified the ring "Xetwadoymm" {rF+ Str-4 Dex+7}
 66501 | Geh:7    | Found the +13 sceptre of Asmodeus
 66501 | Geh:7    | Noticed Asmodeus
 66524 | Geh:7    | Killed Asmodeus
 66604 | Geh:7    | Was forgiven by Trog
 66688 | Geh:7    | Got an obsidian rune of Zot
 66823 | Tar:1    | Entered Level 1 of Tartarus
 66882 | Tar:1    | Noticed an ancient lich
 66897 | Tar:1    | Killed an ancient lich
 67089 | Tar:2    | You are sucked into a shaft and drop 1 floor!
 67979 | Tar:7    | Entered Level 7 of Tartarus
 68186 | Tar:7    | Reached skill level 27 in Axes
 68600 | Tar:7    | Noticed an ancient lich
 68605 | Tar:7    | Killed an ancient lich
 68733 | Tar:7    | Noticed an ancient lich
 68739 | Tar:7    | Noticed an ancient lich
 68751 | Tar:7    | Killed an ancient lich
 68753 | Tar:7    | Killed an ancient lich
 68759 | Tar:7    | Noticed an ancient lich
 68767 | Tar:7    | Killed an ancient lich
 68815 | Tar:7    | Noticed Ereshkigal
 68816 | Tar:7    | Paralysed by Ereshkigal for 2 turns
 68834 | Tar:7    | Killed Ereshkigal
 68964 | Tar:7    | Identified the +5 swamp dragon scales of Exclusion {rPois
                  | rC- Regen+ Stlth+}
 68985 | Tar:7    | Identified the +8 bardiche "Xiysica" {freeze, Drain Str+3
                  | SInv}
 69302 | Tar:7    | Got a bone rune of Zot
 69402 | Tar:7    | Got a glistering book
 69403 | Tar:7    | Identified the staff "Enao" {*Slow rCorr Str+3 Dex-5 SInv
                  | Earth}
 69504 | Dis:1    | Entered Level 1 of the Iron City of Dis
 69629 | Dis:1    | Noticed a royal mummy
 69635 | Dis:1    | Killed a royal mummy
 69678 | Dis:1    | Noticed a royal mummy
 69687 | Dis:1    | Killed a royal mummy
 69700 | Dis:1    | Noticed a royal mummy
 69701 | Dis:1    | Noticed a royal mummy
 69704 | Dis:1    | Noticed an ancient lich
 69706 | Dis:1    | Noticed a dread lich
 69707 | Dis:1    | Killed a royal mummy
 69709 | Dis:1    | Killed a royal mummy
 69709 | Dis:1    | Killed an ancient lich
 69711 | Dis:1    | Noticed a royal mummy
 69713 | Dis:1    | Killed a dread lich
 69717 | Dis:1    | Killed a royal mummy
 70803 | Dis:7    | Entered Level 7 of the Iron City of Dis
 70969 | Dis:7    | Identified the ring "Juiqetekh" {MP+9 Str+2}
 71163 | Dis:7    | Noticed the Serpent of Hell
 71202 | Dis:7    | Killed from afar by a Hell Sentinel

Illustrated notes

Levels and vault maps discovered:
D:1:      lightli_arrival_boilingwater, layout_loops_corners,
          minmay_misc_feat_room
D:2:      layout_rooms, basic_altar, minmay_tetromino_s2, uniq_jessica
D:3:      layout_basic, nicolae_dithmenos_the_darkroom, serial_glass,
          glass_columns_a, glass_columns_c, glass_columns_a, glass_columns_b,
          glass_columns_b, glass_columns_b, glass_columns_b, glass_columns_a
D:4:      minmay_polygon_palace, layout_loops_ring,
          minmay_temple_entry_gardened_gates, uniq_robin, uniq_natasha,
          uniq_menkaure, uniq_crazy_yiuf_cottage
D:5:      layout_gridville, fiery_altar_vehumet, grunt_ministairs_3, uniq_ijyb
D:6:      layout_rooms, chequers_temple_overflow_minitemple,
          gammafunk_ghost_nasty_kobolds, amcnicky_mini_pool_medium
D:7:      layout_cave_pods, mainiacjoe_overflow_small_starburst, serial_park,
          serial_park_square2, serial_park_tiny_2, serial_park_gazebo
          [serial_park_minivault_5x5_7], enter_ossuary_4, st_stairs_14
D:8:      layout_cave_pools, minmay_fractal_squares_5
D:9:      layout_loops_ring, erik_lair_island, amcnicky_mini_pool_small
D:10:     layout_cross, enter_bailey_2, serial_shops, nicolae_shop_gaudy_bauble
D:11:     layout_rooms
D:12:     minmay_the_grid_triangle_9x9_rhombus_thin_mashed
          [minmay_the_grid_triangle_9x9_sprig,
          minmay_the_grid_triangle_9x9_prize_schism,
          minmay_the_grid_triangle_9x9_minimal,
          minmay_the_grid_triangle_9x9_thin_v], layout_irregular_city,
          david_orc_2, uniq_maurice
D:13:     layout_stronghold, portal_ice_cave_entry_pillars_1
D:14:     layout_loops_ring, grunt_vaults_entry_tiered,
          nemelex_spade_bored_becter, uniq_roxanne
D:15:     grunt_enter_depths_magical_seal, layout_basic
Lair:1:   layout_layer_cave, special_room [special_room_bee], uniq_amaemon
Lair:2:   layout_roguey, gauntlet_entry_generic,
          eino_small_chamber_without_monster, serial_bayou_shore_b,
          lemuel_fruit_tree
Lair:3:   layout_gridlike, alex1729_swamp_entry_worm_eleionoma,
          nicolae_spider_entry_lesser_pyramids, roderic_carrion_pond
Lair:4:   layout_cave_pods
Lair:5:   hellmonk_lair_end_abyssal_woods, layout_gridlike,
          nicolae_slime_entry_slimehenge, basic_altar
Swamp:1:  layout_falls_marsh, evilmike_swamp_ruin_house_2
Swamp:2:  layout_basic_swamp, nicolae_swamp_godswood,
          nicolae_swamp_little_tower, infiniplex_staircase_pool_2
Swamp:3:  nzn_winding_woodlands_small [nzn_winding_woodlands_5x15_zeroes,
          nzn_winding_woodlands_center_diamonds,
          nzn_winding_woodlands_5x15_sidewinder], layout_falls_marsh,
          nicolae_swamp_treefoil, nicolae_swamp_spriggan_camp
Swamp:4:  swamp_pestilence, layout_basic_swamp, swamp_pool4,
          nicolae_swamp_some_circles
Spider:1: layout_chambers, uniq_agnes, uniq_aizul
Spider:2: layout_spider_delve, hangedman_spider_tarantella_strand,
          uniq_mlioglotl
Spider:3: layout_spider_delve, drop_trap
Spider:4: floodkiller_spider_rune_tomb
Slime:1:  layout_caves
Slime:2:  layout_caves, nicolae_slime_getting_an_eyeful
Slime:3:  layout_caves
Slime:4:  layout_caves, nicolae_slime_rock_hall_of_fame
Slime:5:  slime_pit
Orc:1:    nicolae_orc_accident_1, layout_caves, uniq_erolcha
Orc:2:    grunt_orc_community_town_hall, layout_diamond_mine,
          grunt_orc_community_big_house_1, grunt_orc_community_big_house_1,
          grunt_orc_community_house_3, grunt_orc_community_house_3,
          grunt_orc_community_house_2, grunt_orc_community_house_1,
          grunt_orc_community_house_3, serial_shops, bzr_entry_road, basic_altar
Elf:1:    layout_loops_cross, kennysheep_underground_church, uniq_nikola
Elf:2:    nicolae_elf_blades_crystal_corner, layout_loops_corners
Elf:3:    minmay_elf_hall_not_hex, layout_rooms, serial_shops, shop,
          nicolae_shop_just_a_little_nook, shop, nicolae_shop_hallway_plus,
          minmay_misc_feat_cross
Vaults:1: vaults_standard_mumra_lines, ontoclasm_vaults_misaligned,
          vaults_dpeg_hooks, v_alt_pattern_1,
          nicolae_vaults_door_testing_chamber, nicolae_vaults_turnstiles,
          v_alt_pattern_4, v_misc_9, ontoclasm_vaults_pinch,
          nicolae_vaults_trapezoid_lopsided_3, v_misc_13,
          vaults_mumra_chevron_long, vaults_mumra_hexcomb,
          nicolae_vaults_puzzle_piece, nicolae_vaults_enemy_cabinets,
          layout_vaults_omnibox, uniq_norris, uniq_zenata
Vaults:2: v_misc_27, nicolae_vaults_little_squares_4, vaults_room_large_hall,
          nicolae_vaults_storage_closets_2, nicolae_vaults_little_squares_6,
          vaults_room_door_hall, ontoclasm_vaults_eye, vaults_room_pool,
          vaults_room_door_ring, nicolae_vaults_doubleplus_tesselated,
          nicolae_vaults_windows_and_doors_thing, nicolae_vaults_asterisk,
          nicolae_vaults_shelves_hall, layout_vaults_omnigrid, uniq_frederick
Vaults:3: nicolae_vaults_steering_wheel, nicolae_vaults_little_squares_3,
          hangedman_vaults_corner_blocks, minmay_crypt_entry_simple_plaza,
          nicolae_vaults_hexular_roomagon, st_cells, vaults_dpeg_ring,
          nicolae_vaults_tetromino_L_1, vaults_mumra_minichess_inversion,
          ontoclasm_vaults_claustrophobia, nicolae_vaults_frosty_reception,
          layout_vaults_ring, serial_shops, shop
Vaults:4: lightli_enter_wizlab_magi_temple, v_misc_2,
          hangedman_vaults_variations, nicolae_vaults_house_2,
          nicolae_vaults_network_star, hangedman_vaults_stream, st_hourglassy,
          v_misc_15, v_misc_13, nicolae_vaults_cochlea, v_rooms_3,
          ontoclasm_vaults_fault, vaults_dpeg_diagonal, v_alt_pattern_4,
          ontoclasm_vaults_chip, layout_vaults_big_cross, serial_shops, shop,
          shop, shop, nicolae_shop_bloodbath_and_beyond
Vaults:5
Crypt:1:  layout_misc_corridors, grunt_crypt_arrival_webbed, uniq_margery,
          uniq_sojobo, uniq_jory
Crypt:2:  layout_chaotic_city, feat_on_display, uniq_bai_suzhen
Crypt:3:  due_elkab, layout_chaotic_city, tomb_entry_simple_bobbens
Tomb:1
Tomb:2
Tomb:3
Depths:1: layout_cave_shapes, hangedman_tar_grid_catacomb,
          corexii_hall_statues_l, dpeg_stationary_puzzle
Depths:2: grunt_runaround [grunt_runaround_doors_1, grunt_runaround_doors_2,
          grunt_runaround_doors_3, grunt_runaround_doors_4,
          grunt_runaround_loot], pan_entry, hell_entry
Depths:3: minmay_bloctagon, layout_basic, enter_ziggurat_f,
          hangedman_abyss_entry_splay, grunt_metal_band, lemuel_statue_altar,
          nicolae_ashenzari_skybound, infiniplex_staircase_split_hallway
Depths:4: grunt_x_marks_the_spot, layout_cave_pools, hell_entry, abyss_entry,
          minivault_14, drop_trap, hallowed_hall, serial_bayou_shore_a
Hell
Dis:1:    layout_regular_city, lemuel_mystery_crypt
Dis:2:    layout_jigsaw
Dis:3:    layout_jigsaw
Dis:4:    layout_gridville
Dis:5:    layout_subdivisions
Dis:6:    layout_overlapping_boxes
Dis:7:    dis_grunt_layers
Geh:1:    nicolae_geh_erupted_tower, layout_gehenna_pools_basic,
          lemuel_flamethrower_2
Geh:2:    layout_gehenna_pools_basic
Geh:3:    layout_gehenna_pools_basic, nicolae_geh_single_fiery_grave
Geh:4:    layout_gehenna_lava_caves
Geh:5:    layout_gehenna_pools_triple, gehenna_fire_generator
Geh:6:    nicolae_geh_gridlava [nicolae_sub_geh_gridintersect,
          nicolae_sub_geh_gridintersect, nicolae_sub_geh_gridintersect,
          nicolae_sub_geh_gridintersect], layout_gehenna_pools_box
Geh:7:    evilmike_geh
Tar:1:    layout_grid_maze
Tar:2:    layout_catacombs, nicolae_tar_cuneiform_city
Tar:3:    layout_cathedral_of_symmetry
Tar:4:    layout_catacombs
Tar:5:    layout_catacombs
Tar:6:    layout_grid_maze, nicolae_hells_seeping_fissure
Tar:7:    tar_grunt_cathedral
Zot:1:    layout_misc_corridors, grunt_ministairs_14, grunt_megastairs_3
Zot:2:    kennysheep_bubbly, layout_concentric_octagons
Zot:3:    layout_gridlike, grunt_megastairs_5
Zot:4:    layout_concentric_octagons, uniq_parghit

Skill      XL: |  1  2  3  4  5  6  7  8  9 10 11 12 13 14 15 16 17 18 19 20 21 22 23 24 25 26 27 |
---------------+----------------------------------------------------------------------------------+-----
Axes           | 4 5 6 7 8 11 13 15 18 20 27 | 27.0
Fighting       | 4 5 9 12 17 19 20 22 24 25 26 27 | 27.0
Armour         | 3 4 5 10 12 15 26 | 26.5
Dodging        | 3 5 10 25 | 25.9
Shields        | 2 4 6 8 9 14 15 16 20 22 23 24 27 | 27.0
Evocations     | 1 10 12 14 15 17 20 | 20.0
Throwing       | 6 10 | 10.0
Invocations    | 6 12 16 20 22 23 25 27 | 27.0

Action                     |  1- 3 |  4- 6 |  7- 9 | 10-12 | 13-15 | 16-18 | 19-21 | 22-24 | 25-27 || total
---------------------------+-------+-------+-------+-------+-------+-------+-------+-------+-------++-------
  Melee: Hand axe          |    28 |   130 |    17 |       |       |       |       |       |       ||   175
         Headbutt          |     6 |    12 |    39 |    55 |   227 |   255 |   409 |   481 |  1273 ||  2757
         Punch             |       |     1 |       |       |     2 |       |       |       |       ||     3
         War axe           |       |       |   254 |    44 |       |       |       |       |       ||   298
         Executioner's axe |       |       |       |   309 |   994 |  1031 |   737 |       |       ||  3071
         Morningstar       |       |       |       |       |    36 |    37 |       |       |       ||    73
         Broad axe         |       |       |       |       |       |       |   632 |  1650 |  3276 ||  5558
  Throw: Javelin           |       |       |       |       |       |       |       |     6 |     6 ||    12
         Throwing net      |       |       |       |       |       |       |       |     4 |       ||     4
 Invoke: Berserk           |       |     2 |     1 |     2 |     1 |       |     1 |       |       ||     7
         Trog's Hand       |       |       |       |       |     5 |       |     1 |     3 |     1 ||    10
         Brothers in Arms  |       |       |       |       |       |       |     1 |     1 |       ||     2
         Cleansing Flame   |       |       |       |       |       |       |       |       |   161 ||   161
         Summon Divine War |       |       |       |       |       |       |       |       |     2 ||     2
         Brand Weapon With |       |       |       |       |       |       |       |       |     1 ||     1
  Evoke: Phial of floods   |       |       |       |       |       |     1 |     1 |       |       ||     2
         Wand              |       |       |       |       |       |       |       |     3 |     6 ||     9
         Condenser vane    |       |       |       |       |       |       |       |       |     1 ||     1
         Phantom mirror    |       |       |       |       |       |       |       |       |     1 ||     1
    Use: Scroll            |       |       |     5 |     6 |    13 |    19 |    14 |    10 |    22 ||    89
         Potion            |       |       |       |       |     1 |       |     6 |    13 |    16 ||    36
   Stab: Confused          |       |       |       |       |       |     1 |       |       |       ||     1
         Held in net/web   |       |       |       |       |       |       |       |     2 |       ||     2
         Petrified         |       |       |       |       |       |       |       |     2 |       ||     2
 Armour: Ring mail         |    12 |    16 |       |       |       |       |       |       |       ||    28
         Animal skin       |     3 |       |       |       |       |       |       |       |       ||     3
         Plate armour      |       |    78 |   135 |   289 |   423 |       |       |   414 |  1930 ||  3269
         Chain mail        |       |       |       |       |   337 |  1011 |   960 |   423 |       ||  2731
         Skin              |       |       |       |       |       |       |       |       |   104 ||   104
  Dodge: Dodged            |    12 |    59 |   115 |   141 |   326 |   513 |   366 |   230 |   718 ||  2480
  Block: Kite shield       |       |    11 |   100 |    22 |       |       |       |       |       ||   133
         Other             |       |       |       |       |    10 |   142 |    82 |       |       ||   234
         Tower shield      |       |       |       |       |       |       |   705 |  1717 |  3661 ||  6083

Table legend: (Time is in decaauts)
 A = Elapsed time spent in this place.
 B = Non-inter-level travel time spent in this place.
 C = Inter-level travel time spent in this place.
 D = Time resting spent in this place.
 E = Time spent auto-exploring this place.
 F = Levels seen in this place.
 G = Mean time per level.
                   A        B        C        D        E       F      G
               +--------+--------+--------+--------+--------+-----+--------+
         Total |  69335 |  59180 |  10155 |   4834 |  35584 |  88 |  787.9 |
       Dungeon |  13717 |  11160 |   2557 |    489 |   8293 |  15 |  914.5 |
          Lair |   5746 |   5049 |    697 |    323 |   3778 |   5 | 1149.2 |
         Swamp |   2965 |   2785 |    180 |    203 |   1886 |   4 |  741.2 |
   Spider Nest |   4193 |   3788 |    405 |    352 |   2343 |   4 | 1048.2 |
    Slime Pits |    908 |    834 |     74 |    114 |    352 |   5 |  181.6 |
  Orcish Mines |   2122 |   1527 |    595 |     43 |   1006 |   2 | 1061.0 |
   Elven Halls |   3291 |   2731 |    560 |     60 |   1699 |   3 | 1097.0 |
        Vaults |   8867 |   7049 |   1818 |    840 |   4305 |   5 | 1773.4 |
         Crypt |   3058 |   2625 |    433 |      0 |   1882 |   3 | 1019.3 |
          Tomb |   4122 |   3194 |    928 |    668 |   1104 |   3 | 1374.0 |
        Depths |   5265 |   4102 |   1163 |    287 |   2113 |   4 | 1316.2 |
          Hell |    816 |    624 |    192 |     90 |    385 |   1 |  816.0 |
           Dis |   1521 |   1480 |     41 |    418 |    330 |   7 |  217.3 |
       Gehenna |   3233 |   3129 |    104 |    387 |   1333 |   7 |  461.9 |
      Tartarus |   2644 |   2550 |     94 |    208 |   1389 |   7 |  377.7 |
           Zot |   4011 |   3703 |    308 |    127 |   2696 |   4 | 1002.8 |
         Abyss |    675 |    675 |      0 |      0 |     37 |   3 |  225.0 |
        Bazaar |     70 |     70 |      0 |      0 |     38 |   1 |   70.0 |
       Ossuary |    219 |    219 |      0 |      0 |    133 |   1 |  219.0 |
        Bailey |    313 |    313 |      0 |      0 |    176 |   1 |  313.0 |
      Ice Cave |    397 |    397 |      0 |      0 |    158 |   1 |  397.0 |
        Wizlab |    640 |    640 |      0 |    126 |      6 |   1 |  640.0 |
      Gauntlet |    530 |    530 |      0 |     94 |    140 |   1 |  530.0 |
               +--------+--------+--------+--------+--------+-----+--------+

Top non-repeatable levels by time:
  Tomb:1: 2246 daAuts
Vaults:4: 2167 daAuts
Vaults:2: 2095 daAuts
   Geh:7: 1849 daAuts
Depths:2: 1734 daAuts
Vaults:3: 1661 daAuts
   Tar:7: 1527 daAuts
   Orc:2: 1501 daAuts
Vaults:1: 1500 daAuts
Vaults:5: 1442 daAuts
  Lair:1: 1438 daAuts
Spider:1: 1407 daAuts
   Elf:2: 1357 daAuts
    D:12: 1339 daAuts
Depths:3: 1326 daAuts
